 Dungeon Crawl Stone Soup version 0.25-a0-632-g7713895373 (webtiles) character file.

Game seed: 6301385050300119533, levelgen mode: classic

5253 EnegeticOcto the Cleaver (level 10, -4/71 HPs)
             Began as an Octopode Fighter on Mar 19, 2020.
             Was an Initiate of Gozag.
             Slain by a porcupine (13 damage)
             ... on level 8 of the Dungeon.
             The game lasted 00:07:36 (10152 turns).

EnegeticOcto the Cleaver (Octopode Fighter)        Turns: 10152, Time: 00:07:37

Health: -4/71      AC:  1    Str: 15    XL:     10   Next: 62%
Magic:  14/14      EV: 15    Int: 11    God:    Gozag
Gold:   783        SH: 10    Dex: 13    Spells: 9/9 levels left

rFire    . . .     SeeInvis .   a - +1 war axe
rCold    . . .     Gourm    .   b - +0 kite shield
rNeg     + . .     Faith    .   (helmet restricted)
rPois    .         Spirit   .   (no amulet)
rElec    .         Reflect  .   l - ring of positive energy
rCorr    .         Harm     .   (no ring)
MR       +....                  (no ring)
Stlth    ++........             (no ring)
HPRegen  0.21/turn              (no ring)
MPRegen  0.14/turn              (no ring)
                                (no ring)
                                (no ring)

@: no status effects
A: almost no armour, stealthy swim, amphibious, 8 rings, constrict 8, camouflage
1, clumsy 1, magic resistance 1, gelatinous body 1, MP-powered wands
a: Potion Petition, Call Merchant, Bribe Branch, Renounce Religion


You were on level 8 of the Dungeon.
You worshipped Gozag.
Gozag was pleased with you.
You were not hungry.

You visited 1 branch of the dungeon, and saw 9 of its levels.

You collected 1352 gold pieces.
You spent 546 gold pieces at shops.
You paid 23 gold pieces to Gozag.

Inventory:

Hand Weapons
 a - a +1 war axe (weapon)
Armour
 b - a +0 kite shield (worn)
 c - a +0 tower shield
Jewellery
 l - a ring of positive energy (left tentacle)
Wands
 r - a wand of flame (31)
 w - a wand of paralysis (4)
 y - a wand of digging (5) {@v2}
Scrolls
 d - a scroll of teleportation {@r2}
 g - 3 scrolls of enchant weapon
 j - 4 scrolls of remove curse {@r6}
 p - a scroll of immolation {@r4}
 v - 3 scrolls of magic mapping {@r5}
 x - 2 scrolls of identify {@r1}
Potions
 f - 2 potions of invisibility
 h - 2 potions of degeneration {unknown}
 i - 6 potions of stabbing {unknown}
 k - 3 potions of might {@q3}
 m - a potion of berserk rage {unknown}
 n - 2 potions of haste {@q4}
 o - a potion of cancellation
 q - a potion of magic
 s - 2 potions of lignification {unknown}
 t - 5 potions of heal wounds {@q2}
 u - 9 potions of curing {@q1}
Comestibles
 e - 9 rations


   Skills:
 + Level 7.2 Fighting
 * Level 9.5 Axes
 + Level 7.2 Dodging
 + Level 7.1 Shields
 + Level 5.3 Evocations


You had 9 spell levels left.
You didn't know any spells.
Your spell library was empty.

Dungeon Overview and Level Annotations

Branches:
Dungeon (9/15)             Temple (0/1) D:6            Lair (0/6) D:8
    Orc: D:9-12

Altars:
Ashenzari
Dithmenos
Gozag
Hepliaklqana
Nemelex Xobeh
Sif Muna
Trog
Wu Jian
Zin

Shops:
D:7 !


Innate Abilities, Weirdness & Mutations

You cannot wear most types of armour.
You are very stealthy in the water. (Stealth+)
You are amphibious.
You can wear up to eight rings at the same time.
You can use your tentacles to constrict eight enemies at once.
Your skin changes colour to match your surroundings (Stealth+).
Your rubbery body absorbs attacks. (AC +1, EV +1)
You are clumsy. (Dex -2)
You are resistant to hostile enchantments. (MR+)
You expend magic power (3 MP) to strengthen your wands.


Message History

Press: ? - help, Shift-Dir - straight line, f/p - crocodile
Aim: a crocodile (chance to defeat MR: 69%)
You feel a surge of power!
The crocodile suddenly stops moving!
The orc shouts!
The helpless crocodile fails to defend itself.
You hit the crocodile.
The crocodile is lightly wounded.
The helpless crocodile fails to defend itself.
You hit the crocodile.
The crocodile is lightly wounded.
The orc is no longer distracted by gold.
The hound skeleton is no longer distracted by gold.
The helpless crocodile fails to defend itself.
You slash the crocodile! You squeeze the crocodile.
The crocodile is heavily wounded.
The helpless crocodile fails to defend itself.
You hit the crocodile. You squeeze the crocodile.
The crocodile is almost dead.
The helpless crocodile fails to defend itself.
You slash the crocodile!
You kill the crocodile!
You barely miss the orc. You grab the orc. You squeeze the orc.
The orc is heavily wounded.
You constrict the orc. The orc hits you with a +0 club.
* * * LOW HITPOINT WARNING * * *
You slash the orc!
You kill the orc!
You block the hound skeleton's attack.
You hit the hound skeleton. You grab the hound skeleton.
The hound skeleton is moderately damaged.
You constrict the hound skeleton. The hound skeleton barely misses you.
Your shield prevents you from hitting the hound skeleton.
You squeeze the hound skeleton!
The hound skeleton is almost destroyed.
You constrict the hound skeleton.
You destroy the hound skeleton!
You start resting.
You are feeling hungry.
You start resting.
Magic restored.
You are feeling very hungry.
You eat one of the 10 rations.
That ration really hit the spot!
HP restored.
You now have 648 gold pieces (gained 40).
You now have 706 gold pieces (gained 58).
You see here a +0 club.
Found a staircase to the Lair.
You now have 721 gold pieces (gained 15).
You now have 739 gold pieces (gained 18).
Found a stone staircase leading down.
You now have 753 gold pieces (gained 14).
n - 2 potions of haste {@q4} (gained 1)
Found a stone staircase leading up.
g - 3 scrolls of enchant weapon (gained 1)
Found a stone staircase leading up.
Found a spear.
You now have 772 gold pieces (gained 19).
You now have 783 gold pieces (gained 11).
You see here a +0 club.
A porcupine comes into view.
A porcupine is nearby!
You closely miss the porcupine. The porcupine completely misses you.
The porcupine closely misses you.
You hit the porcupine.
The porcupine is moderately wounded.
The porcupine closely misses you.
You hit the porcupine. You squeeze the porcupine.
The porcupine is almost dead.
A porcupine comes into view.
The porcupine misses you.
You are struck by the porcupine's spines.
You slash the porcupine!
You kill the porcupine!
A porcupine is nearby!
A porcupine is nearby!
You block the porcupine's attack. The porcupine bites you.
You barely miss the porcupine.
You squeeze the porcupine, but do no damage.
The porcupine barely misses you.
You are struck by the porcupine's spines.
You hit the porcupine.
The porcupine is moderately wounded.
The porcupine bites you!
You are struck by the porcupine's spines.
* * * LOW HITPOINT WARNING * * *
You slash the porcupine! Your squeeze misses the porcupine.
The porcupine is almost dead.
The porcupine misses you.
You are too injured to fight recklessly!
You are too injured to fight recklessly!
You are too injured to fight recklessly!
A porcupine is nearby!
A porcupine is nearby!
You are struck by the porcupine's spines.
* * * LOW HITPOINT WARNING * * *
You closely miss the porcupine.
The porcupine is almost dead.
The porcupine bites you!
You die...
Your body crumbles into a pile of gold.

#.#..#.....#........## #
.....................# #
.#.#.#..#.#..........# #
...................<.# #
.#..#.#.#..#.........# #
....#.........$......# #
#.###..#.#.#.........# ########
.....................### #.....##
#..#.#.#.##.....@......###.....##
.................r...............
.#.#......#............###.....##
..........#....................##
.####.######........#.....###....
.# #.# ##.........#....#>.### ##
#.# ##...................#
#.#####..########.)........#
##...>...##########)........##


You could see a porcupine.

Vanquished Creatures
  Pikel (D:7)
  Grinder (D:4)
  Sigmund (D:6)
  A basilisk (D:8)
  4 yaks (D:8)
  2 hungry ghosts (D:7)
  Menkaure (D:7)
  2 porcupines (D:8)
  2 orc warriors (D:7)
  4 sky beasts
  A slave (D:7)
  2 ogres
  2 black bears
  A phantom (D:4)
  2 centaurs
  A crocodile (D:8)
  Blork the orc (D:5)
  A big kobold (D:8)
  3 bullfrogs
  A wyvern skeleton (D:8)
  3 scorpions
  4 killer bees (D:8)
  5 wights (D:8)
  3 howler monkeys
  4 hounds
  A centaur zombie (D:5)
  3 jellies
  3 orc priests
  An orc wizard (D:7)
  A centaur skeleton (D:6)
  3 iguanas
  Natasha (thrice) (D:3)
  5 worker ants
  A killer bee zombie (D:7)
  A hound zombie (D:5)
  A hound skeleton (D:8)
  6 gnolls
  8 adders
  3 shadow imps
  3 worms
  4 dart slugs
  7 leopard geckos
  23 orcs
  2 ball pythons (D:2)
  4 giant cockroaches
  7 goblins
  8 hobgoblins
  6 jackals
  7 kobolds
  3 quokkas
  13 bats
  9 frilled lizards
  A jackal skeleton (D:7)
  A leopard gecko skeleton (D:5)
  12 rats
203 creatures vanquished.

Vanquished Creatures (others)
  2 fungi (D:8)
  9 plants
11 creatures vanquished.

Grand Total: 214 creatures vanquished

Notes
Turn   | Place    | Note
-------+----------+-------------------------------------------
     0 | D:1      | EnegeticOcto the Octopode Fighter began the quest for the
                  | Orb.
     0 | D:1      | Reached XP level 1. HP: 16/16 MP: 1/1
    89 | D:1      | Reached XP level 2. HP: 19/21 MP: 2/2
   471 | D:1      | Reached XP level 3. HP: 26/26 MP: 3/3
   572 | D:2      | Reached skill level 3 in Axes
   574 | D:2      | Reached XP level 4. HP: 9/31 MP: 4/4
   882 | D:2      | Found a shattered altar of Ashenzari.
  1216 | D:2      | Found an ornate altar of the Wu Jian Council.
  1330 | D:2      | Found a shimmering blue altar of Sif Muna.
  1641 | D:3      | Reached XP level 5. HP: 36/36 MP: 5/5
  1727 | D:3      | Noticed a black bear
  1732 | D:3      | Killed a black bear
  1732 | D:3      | Reached skill level 4 in Axes
  1897 | D:3      | Found an opulent altar of Gozag.
  1957 | D:3      | Became a worshipper of Gozag Ym Sagoz the Greedy
  2298 | D:3      | Noticed Natasha
  2300 | D:3      | Killed Natasha
  2300 | D:3      | Reached XP level 6. HP: 41/43 MP: 6/6
  2413 | D:3      | Noticed Natasha
  2420 | D:3      | Killed Natasha
  2722 | D:3      | Noticed Natasha
  2732 | D:3      | Killed Natasha
  3196 | D:4      | Noticed a phantom
  3199 | D:4      | Reached XP level 7. HP: 49/49 MP: 7/7
  3216 | D:4      | Reached skill level 5 in Axes
  3259 | D:4      | Found a sparkling altar of Nemelex Xobeh.
  3492 | D:4      | Noticed Grinder
  3497 | D:4      | Killed Grinder
  3672 | D:4      | Reached XP level 8. HP: 36/54 MP: 8/8
  3831 | D:4      | Found a bloodstained altar of Trog.
  4135 | D:5      | Entered Level 5 of the Dungeon
  4136 | D:5      | Noticed Blork the orc
  4137 | D:5      | Reached skill level 5 in Fighting
  4146 | D:5      | Reached skill level 6 in Axes
  4146 | D:5      | Reached skill level 5 in Shields
  4156 | D:5      | Killed Blork the orc
  4156 | D:5      | Reached skill level 5 in Dodging
  4351 | D:5      | Reached skill level 1 in Evocations
  4993 | D:6      | Found a staircase to the Ecumenical Temple.
  5438 | D:6      | Noticed Sigmund
  5443 | D:6      | Killed Sigmund
  5559 | D:6      | Reached skill level 7 in Axes
  6469 | D:7      | Reached XP level 9. HP: 55/62 MP: 10/10
  6548 | D:7      | Noticed Menkaure
  6559 | D:7      | Killed Menkaure
  6562 | D:7      | Found Fecwaril's Distillery.
  6770 | D:7      | Bought a potion of heal wounds for 70 gold pieces
  6770 | D:7      | Bought a potion of heal wounds for 70 gold pieces
  6770 | D:7      | Bought a potion of heal wounds for 70 gold pieces
  6770 | D:7      | Bought a potion of heal wounds for 70 gold pieces
  6770 | D:7      | Bought a potion of invisibility for 112 gold pieces
  6770 | D:7      | Bought a potion of curing for 42 gold pieces
  6770 | D:7      | Bought a potion of mutation for 112 gold pieces
  6770 | D:7      | Gained mutation: You are clumsy. (Dex -2) [potion of
                  | mutation]
  6770 | D:7      | Gained mutation: You are resistant to hostile enchantments.
                  | (MR+) [potion of mutation]
  6770 | D:7      | Gained mutation: You expend magic power (3 MP) to
                  | strengthen your wands. [potion of mutation]
  7475 | D:7      | Found a shadowy altar of Dithmenos.
  7858 | D:7      | Noticed Pikel
  7873 | D:7      | Killed Pikel
  7873 | D:7      | Reached skill level 8 in Axes
  8270 | D:8      | Found a hazy altar of Hepliaklqana.
  8335 | D:8      | Reached XP level 10. HP: 36/69 MP: 13/13
  8649 | D:8      | You fall into a shaft and drop 1 floor!
  8977 | D:8      | Found a glowing silver altar of Zin.
  9164 | D:8      | Reached skill level 9 in Axes
  9608 | D:8      | Reached skill level 5 in Evocations
 10028 | D:8      | Found a staircase to the Lair.
 10152 | D:8      | Slain by a porcupine

Levels and vault maps discovered:
D:1:      sevenhm_arrival_forest_fort_small_6, layout_rooms
D:2:      layout_loops_ring, lemuel_blue_sif_altar,
          nicolae_overflow_crystal_walls, evilmike_ruin_ashenzari
D:3:      layout_basic, grunt_gozag_breadcrumbs, first_ration, uniq_natasha
D:4:      layout_loops_corners, nemelex_xobeh_ov_fountains_minmay,
          lightli_temple_of_fire, uniq_grinder
D:5:      layout_loops_ring, uniq_blork_the_orc
D:6:      layout_loops_ring, minmay_temple_entry_large_hall, uniq_sigmund
D:7:      minmay_spotlight, layout_cave_pools, grunt_dithmenos_smoke,
          serial_shops, shop, minmay_lizard_king, uniq_pikel, uniq_menkaure
D:8:      layout_rooms, kennysheep_mini_moat, kennysheep_little_box,
          minmay_lair_entry_grove, blue_anna_alchemist [blue_anna_fruit_fields,
          blue_anna_fruit_fields], hangedman_decor_points
D:9:      layout_loops_cross, grunt_temple_overflow_growth_and_decay,
          kennysheep_mini, lemuel_crystal_altar

Skill      XL: |  1  2  3  4  5  6  7  8  9 10 |
---------------+-------------------------------+-----
Axes           | 3 4 5 7 8 9 |  9.5
Fighting       | 4 5 6 7 |  7.2
Shields        | 4 5 6 7 |  7.1
Dodging        | 4 5 6 7 |  7.2
Evocations     | 2 4 5 |  5.3

Action                   |  1- 3 |  4- 6 |  7- 9 | 10-12 || total
-------------------------+-------+-------+-------+-------++-------
Melee: War axe           |    46 |    93 |   256 |   116 ||   511
       Constrict         |    13 |    31 |    50 |    18 ||   112
       Tentacles         |     7 |    22 |    57 |    24 ||   110
Evoke: Wand              |       |       |     1 |     4 ||     5
  Use: Scroll            |       |    11 |     6 |       ||    17
       Potion            |       |       |     4 |     1 ||     5
 Stab: Sleeping          |     5 |    11 |     9 |     1 ||    26
       Invisible         |       |       |     2 |       ||     2
       Paralysed         |       |       |       |     6 ||     6
  Eat: Chunk             |       |     3 |       |       ||     3
       Ration            |       |     2 |     6 |     2 ||    10
Armor: Skin              |     4 |     7 |     9 |     3 ||    23
Dodge: Dodged            |    12 |    51 |   119 |    69 ||   251
Block: Kite shield       |    13 |    45 |    90 |    44 ||   192

Table legend:
 A = Non-vault XP
 B = Vault XP
 C = Vault XP percentage of total XP
 D = Non-vault monster count
 E = Vault monster count
 F = Vault count percentage of total count
                 A         B        C        D         E       F
            +---------+---------+-------+---------+---------+-------
      Total |    4377 |    3128 |  41.7 |     176 |      26 |  12.9
            +---------+---------+-------+---------+---------+-------
        D:1 |      36 |       0 |   0.0 |      23 |       0 |   0.0
        D:2 |     128 |       0 |   0.0 |      34 |       0 |   0.0
        D:3 |     212 |      35 |  14.2 |      18 |       1 |   5.3
        D:4 |     575 |     277 |  32.5 |      15 |       1 |   6.2
        D:5 |     241 |      96 |  28.5 |      12 |       1 |   7.7
        D:6 |     516 |     223 |  30.2 |      19 |       1 |   5.0
        D:7 |     878 |    1029 |  54.0 |      26 |      13 |  33.3
        D:8 |    1199 |    1468 |  55.0 |      21 |       9 |  30.0
        D:9 |     592 |       0 |   0.0 |       8 |       0 |   0.0
            +---------+---------+-------+---------+---------+-------
